 Dungeon Crawl Stone Soup version 0.29.0-15-g675c0067aa (webtiles) character file.

Game seed: 13935776652294706643

1 qw the Sneak (level 1, 0/14 HPs)
             Began as a Gargoyle Delver on Sept 11, 2022.
             Slain by a quasit (2 damage)
             ... summoned by Eustachio
             ... on level 4 of the Dungeon.
             The game lasted 00:00:04 (186 turns).

qw the Sneak (Gargoyle Delver)                       Turns: 186, Time: 00:00:05

Health: 0/14       AC:  5    Str: 15    XL:     1   Next: 20%
Magic:  1/1        EV: 11    Int: 10    God:
Gold:   14         SH:  0    Dex: 11    Spells: 0/0 levels left

rFire   . . .      SeeInvis .   Y - +0 hand axe
rCold   . . .      Faith    .   (no shield)
rNeg    + . .      Spirit   .   b - +0 leather armour
rPois   inf        Reflect  .   (no helmet)
rElec   +          Harm     .   (no cloak)
rCorr   .          Rampage  .   (no gloves)
Will    .....                   (no boots)
Stlth   +++.......              (no amulet)
HPRegen 0.04/turn               (no ring)
MPRegen 0.07/turn               (no ring)

@: no status effects
A: sickness immunity, AC +2, negative energy resistance 1, electricity
resistance, torment resistance 1, petrification resistance
a: no special abilities


You were on level 4 of the Dungeon.
You visited 1 branch of the dungeon, and saw 2 of its levels.

You collected 14 gold pieces.


Innate Abilities, Weirdness & Mutations

You are immune to sickness and miasma.
Your stone body is resilient. (AC +2)
You are immune to poison.
You resist negative energy. (rN+)
You are resistant to electric shocks. (rElec)
You are resistant to unholy torment.
You are immune to petrification.


   Skills:
 - Level 3.2 Fighting
 + Level 1.9 Axes
 - Level 1.5 Dodging
 - Level 5.4 Stealth


You couldn't memorise any spells.
You didn't know any spells.
Your spell library was empty.

Inventory:

Hand Weapons
 a - a +0 club
 Y - a +0 hand axe (weapon)
Armour
 b - a +0 leather armour (worn)
 c - a +0 pair of boots
Wands
 g - a wand of digging (3)
Scrolls
 d - a scroll of amnesia {unknown}
Potions
 f - a potion of haste

Dungeon Overview and Level Annotations

Branches:
Dungeon (5/15)
 Temple: D:4-7

Altars:

Annotations:
D:4 Eustachio


Message History

You hear the slow hiss of an avalanche of sand very nearby.
You now have 14 gold pieces.
A goblin comes into view. It is wielding a +0 club.
You hit the goblin.
You kill the goblin!
a - a +0 club
c - a +0 pair of boots
d - a scroll labelled ENOWNYTOLU Eustachio the Magnificent comes into view.
He is wielding a +0 rapier.
Eustachio shouts!
Eustachio calls on the powers of shadow!
Eustachio casts a spell.
Eustachio blinks!
Found a book of Lightning.
You hear the slow hiss of an avalanche of sand.
Eustachio is nearby!
You hit Eustachio.
Eustachio is lightly wounded.
Eustachio misses you.
You closely miss Eustachio.
Eustachio is lightly wounded.
Eustachio hits you with a +0 rapier.
You miss Eustachio.
Eustachio is lightly wounded.
Eustachio hits you with a +0 rapier.
You hit Eustachio but do no damage.
Eustachio is lightly wounded.
Eustachio hits you with a +0 rapier.
Eustachio casts a spell.
Eustachio blinks!
Eustachio casts a spell.
Eustachio casts a spell.
184 ||| Stepping ~*~*~tactically~*~*~ (hiding).
You barely miss the quasit. The quasit closely misses you.
The quasit barely misses you.
The quasit claws you but does no damage.
Eustachio gestures wildly while chanting.
You hit the quasit but do no damage. The bat hits you. The quasit bites you.
You die...

...#..............#
...#..........#..##
##.###.....####
#..##....##..##
................
###+###.###+###.
##...## . ##....b##
#....@5.#
#..###+###@.....
... ...... ###
..... ....# :...
....


You could see Eustachio, a quasit (summoned) and a bat (summoned).

Vanquished Creatures
  A goblin (D:4)
1 creature vanquished.

Notes
Turn   | Place    | Note
-------+----------+-------------------------------------------
     0 | D:5      | qw the Gargoyle Delver began the quest for the Orb.
     0 | D:5      | Reached XP level 1. HP: 14/14 MP: 1/1
     0 | D:5      | 0 ||| qw: Version: 0.1-a-117-gfe26ee0
     0 | D:5      | 0 ||| qw: Game counter: 9934
     0 | D:5      | 0 ||| qw: Always use a shield: true
     0 | D:5      | 0 ||| qw: God list: Okawaru
     0 | D:5      | 0 ||| qw: Allow faded altars: false
     0 | D:5      | 0 ||| qw: Do Orc after D:15 true
     0 | D:5      | 0 ||| qw: Do second Lair branch before Depths: true
     0 | D:5      | 0 ||| qw: Lair rune preference: random
     0 | D:5      | 0 ||| qw: Plans: Normal
     0 | D:5      | 0 ||| PLANNING D:1-11
    11 | D:5      | 11 ||| READING scroll labelled ZASOBENE NUZI.
    12 | D:5      | 12 ||| DROPPING scroll of fog.
    13 | D:5      | 13 ||| DROPPING scroll of magic mapping.
    14 | D:5      | 14 ||| DROPPING scroll of fear.
    18 | D:5      | 18 ||| FLEEEEING.
    19 | D:5      | 19 ||| Stepping ~*~*~tactically~*~*~ (hiding).
    20 | D:5      | 20 ||| FLEEEEING.
    21 | D:5      | 21 ||| STAIRDANCE
    22 | D:5      | Noticed a gnoll bouda
    23 | D:4      | 23 ||| PLANNING OSSUARY
   167 | D:4      | Noticed Eustachio
   179 | D:4      | HP: 3/14 [Eustachio/+0 rapier (2)]
   181 | D:4      | Noticed a quasit
   184 | D:4      | 184 ||| Stepping ~*~*~tactically~*~*~ (hiding).
   186 | D:4      | HP: 2/14 [bat[Eustachio] (1)]
   186 | D:4      | Slain by a quasit

Levels and vault maps discovered:
D:4:      layout_cave_pools, minmay_temple_entry_wispy,
          nicolae_ossuary_entry_giza, uniq_eustachio
D:5:      layout_basic, uniq_ijyb

Action                   || total
-------------------------++-------
Melee: Hand axe          ||     7
  Use: Scroll            ||     1
Armor: Leather armour    ||     1
Dodge: Dodged            ||     3

Table legend:
 A = Non-vault XP
 B = Vault XP
 C = Vault XP percentage of total XP
 D = Non-vault monster count
 E = Vault monster count
 F = Vault count percentage of total count
                 A         B        C        D         E       F
            +---------+---------+-------+---------+---------+-------
      Total |       2 |       0 |   0.0 |       1 |       0 |   0.0
            +---------+---------+-------+---------+---------+-------
        D:4 |       2 |       0 |   0.0 |       1 |       0 |   0.0
            +---------+---------+-------+---------+---------+-------
